 Dungeon Crawl Stone Soup version 0.27.1-34-g3ba077fa99 (webtiles) character file.

Game seed: 1707043658905043565

846 growler the Gusty (level 8, -5/41 HPs)
             Began as a Tengu Air Elementalist on Jan 24, 2022.
             Slain by an ogre (28 damage)
             ... on level 5 of the Dungeon.
             The game lasted 00:13:30 (7077 turns).

growler the Gusty (Tengu Air Elementalist)          Turns: 7077, Time: 00:13:30

Health: -5/41      AC:  2    Str:  8    XL:     8   Next: 0%
Magic:  8/16       EV: 15    Int: 17    God:
Gold:   143        SH:  0    Dex: 16    Spells: 7/17 levels left

rFire    . . .     SeeInvis .   (no weapon)
rCold    . . .     Faith    .   (no shield)
rNeg     . . .     Spirit   .   a - +0 robe
rPois    .         Reflect  .   (helmet restricted)
rElec    .         Harm     .   (no cloak)
rCorr    .         Rampage  .   (no gloves)
Will     .....                  (boots unavailable)
Stlth    ++........             (no amulet)
HPRegen  0.13/turn              (no ring)
MPRegen  0.15/turn              (no ring)

@: flying quickly and evasively, very slightly contaminated, quick
A: beak, talons 3, nimble flight
a: no special abilities


You were on level 5 of the Dungeon.
You visited 2 branches of the dungeon, and saw 6 of its levels.

You collected 143 gold pieces.

Inventory:

Missiles
 m - a throwing net {!f}
Armour
 a - a +0 robe (worn)
 h - a +1 cloak
   (You found it on level 2 of the Dungeon)
Jewellery
 n - a +6 ring of dexterity
   (You found it on level 4 of the Dungeon)
Wands
 g - a wand of polymorph (4)
   (You took it off Terence on level 2 of the Dungeon)
 t - a wand of flame (15)
   (You found it on level 5 of the Dungeon)
 u - a wand of paralysis (10)
   (You found it on level 4 of the Dungeon)
 v - a wand of digging (5)
   (You found it on level 3 of the Dungeon)
Scrolls
 b - 5 scrolls of teleportation {@r4}
 c - a scroll of immolation {!r}
 e - 2 scrolls of identify {@r1}
 i - a scroll of blinking {unknown}
 o - a scroll of fear {unknown}
 p - a scroll of fog {unknown}
Potions
 d - 2 potions of ambrosia
 f - 3 potions of curing {@q1}
 j - 2 potions of magic
 k - a potion of invisibility
 l - a potion of might


   Skills:
 - Level 2.1 Dodging
 - Level 2.0 Stealth
 - Level 5.0 Spellcasting
 + Level 6.6 Conjurations
 + Level 7.7 Air Magic


You had 7 spell levels left.
You knew the following spells:

 Your Spells              Type           Power      Damage    Failure   Level
a - Shock                 Conj/Air       100%       1d9       1%          1
b - Airstrike             Air            15%        N/A       6%          4
d - Static Discharge      Conj/Air       28%        N/A       1%          2
s - Swiftness             Air            30%        N/A       1%          3

Your spell library contained the following spells:

 Spells                   Type           Power      Damage    Failure   Level
 Dazzling Flash           Conj/Hex       30%        N/A       11%         3
 Silence                  Hex/Air        8%         N/A       63%         5
 Agony                    Necr           4%         N/A       98%         5


Dungeon Overview and Level Annotations

Branches:
Dungeon (5/15)             Temple (1/1) D:4

Altars:
Cheibriados
Hepliaklqana
Kikubaaqudgha
Okawaru
Ru
Trog
Uskayaw
Wu Jian
Xom
Yredelemnul
Lugonu

Shops:
D:4 !


Innate Abilities, Weirdness & Mutations

You have a beak for a mouth.
You have claws for feet.
Your magical nature lets you fly swiftly and evasively.


Message History

You see here a lumpy ruby potion.
A water moccasin skeleton is nearby!
Aim: a water moccasin skeleton (81% to hit)
The zap hits the water moccasin skeleton!
Aim: a water moccasin skeleton (moderately damaged, 81% to hit)
The zap hits the water moccasin skeleton.
Aim: a water moccasin skeleton (moderately damaged, 81% to hit)
The zap hits the water moccasin skeleton.
The zap hits the water moccasin skeleton!
Aim: a water moccasin skeleton (severely damaged, 81% to hit)
The zap hits the water moccasin skeleton.
Aim: a water moccasin skeleton (almost destroyed, 81% to hit)
The zap hits the water moccasin skeleton.
The water moccasin skeleton closely misses you.
The water moccasin skeleton is struck by an arc of lightning!
You destroy the water moccasin skeleton!
You are struck by an arc of lightning.
The lightning grounds out.
Training target 5.0 for Spellcasting reached!
Your Spellcasting skill increases to level 5!
You have reached level 8!
You feel agile.
An ogre comes into view. It is wielding a +0 giant spiked club.
An ogre is nearby!
The spell is quite dangerous to cast (6% risk of failure)!
Continue anyway?
Okay, then.
Aim: an ogre, wielding a +0 giant spiked club (wandering, hasn't noticed you, 88% to hit)
The zap hits the ogre.
The ogre shouts!
An ogre comes into view. It is wielding a +0 giant club.
Aim: an ogre, wielding a +0 giant spiked club (lightly wounded, 88% to hit)
You miscast Shock.
You are very lightly contaminated with residual magic.
Nothing appears to happen.
The ogre shouts!
Your magical contamination has completely faded away.
Aim: an ogre, wielding a +0 giant spiked club (lightly wounded, 88% to hit)
The zap misses the ogre.
The zap hits the ogre!
Aim: an ogre, wielding a +0 giant spiked club (moderately wounded, 88% to hit)
The zap hits the ogre!
The zap hits the ogre.
Aim: an ogre, wielding a +0 giant spiked club (heavily wounded, 88% to hit)
You miscast Shock.
You are very lightly contaminated with residual magic.
Nothing appears to happen.
Aim: an ogre, wielding a +0 giant spiked club (heavily wounded, 88% to hit)
The zap hits the ogre. x2
The ogre hits you with a +0 giant club!!
There is a stone staircase leading up here.
The ogre hits you with a +0 giant club!!
Ouch! That really hurt!
You die...

# # .$........
.#.... .#......#
#.##.# ...<..#.##.
#.##.# ..........
#.##.# #.......
#@##.# .(...
#O##.# #O.# #
#.##.# #!.#.####
#O##.#####........
#...O.......#.####
####..........#
#######.##.# #.#
.# #.? .


You could see 2 ogres.

Vanquished Creatures
  An ogre (D:4)
  A phantom (D:4)
  2 water moccasin skeletons
  A bullfrog zombie (D:5)
  A jelly (D:4)
  2 orc priests
  An iguana (D:4)
  Terence (D:2)
  Natasha (thrice) (D:3)
  2 orc wizards (D:4)
  2 hound skeletons (D:4)
  Robin (D:2)
  3 gnolls (D:4)
  8 adders
  An ufetubus (D:2)
  An adder skeleton (D:3)
  2 worms (D:2)
  2 dart slugs
  13 orcs
  8 bats
  8 endoplasms
  5 giant cockroaches
  15 goblins
  16 hobgoblins
  6 jackals
  10 kobolds
  3 quokkas
  6 ball pythons
  2 frilled lizards
  A quokka skeleton (D:4)
  9 rats
137 creatures vanquished.

Notes
Turn   | Place    | Note
-------+----------+-------------------------------------------
     0 | D:1      | growler the Tengu Air Elementalist began the quest for the
                  | Orb.
     0 | D:1      | Reached XP level 1. HP: 10/10 MP: 4/4
   377 | D:1      | Reached XP level 2. HP: 15/15 MP: 3/6
   380 | D:1      | Learned a level 2 spell: Static Discharge
  1082 | D:1      | Reached XP level 3. HP: 16/19 MP: 3/7
  1303 | D:1      | Learned a level 3 spell: Swiftness
  1929 | D:2      | Found a bloodstained altar of Trog.
  1933 | D:2      | Noticed Terence
  1964 | D:2      | Killed Terence
  1965 | D:2      | Reached skill level 5 in Air Magic
  1965 | D:2      | Reached XP level 4. HP: 24/24 MP: 0/9
  2636 | D:2      | Noticed Robin
  2661 | D:2      | Gained mutation: Your magical nature lets you fly swiftly
                  | and evasively. [Tengu growth]
  2661 | D:2      | Reached XP level 5. HP: 10/28 MP: 1/10
  2684 | D:2      | Killed Robin
  3484 | D:3      | Learned a level 4 spell: Airstrike
  3576 | D:3      | Found a faded altar of an unknown god.
  3783 | D:3      | Noticed Natasha
  3788 | D:3      | Killed Natasha
  3921 | D:3      | Noticed Natasha
  4138 | D:3      | Killed Natasha
  4139 | D:3      | Reached XP level 6. HP: 13/32 MP: 3/12
  4446 | D:3      | Noticed Natasha
  4450 | D:3      | Killed Natasha
  4451 | D:3      | Reached skill level 6 in Air Magic
  5067 | D:3      | Found an ornate altar of the Wu Jian Council.
  5206 | D:4      | Reached skill level 5 in Conjurations
  5461 | D:4      | Reached XP level 7. HP: 36/36 MP: 4/14
  5925 | D:4      | Reached skill level 7 in Air Magic
  6017 | D:4      | Found a shimmering altar of Xom.
  6556 | D:4      | Found Athu's Distillery.
  6634 | D:4      | Found a bloodstained altar of Trog.
  6716 | D:4      | Found a staircase to the Ecumenical Temple.
  6850 | Temple   | Entered the Ecumenical Temple
  6915 | D:5      | Entered Level 5 of the Dungeon
  7037 | D:5      | Reached skill level 5 in Spellcasting
  7037 | D:5      | Reached XP level 8. HP: 39/41 MP: 8/16
  7077 | D:5      | Slain by an ogre

Illustrated notes

Levels and vault maps discovered:
D:1:      erik_arrival_orb_chamber, layout_basic, minmay_tromino_v4_a
D:2:      layout_basic, basic_altar, minmay_misc_feat_rugged,
          minmay_misc_feat_doors, due_unseen_surprise, uniq_robin, uniq_terence
D:3:      minmay_razor_zed, layout_basic, nicolae_wu_jian_immortal_techniques,
          basic_ecumenical_altar, grunt_decor_junction, minmay_misc_feat_square,
          grunt_ministairs_9, eino_tiny_chamber, kennysheep_decorative_pillar,
          guppyfry_early_orc_mine, uniq_natasha
D:4:      layout_rooms, trog_butcher_becter, xom_teletrap_fun,
          minmay_temple_entry_enclosed_plants, serial_shops,
          nicolae_take_the_stairs
D:5:      layout_loops_ring, makhleb_altar_promises_db, grunt_nemelex_the_gamble
Temple:   corrupted_temple

Skill      XL: |  1  2  3  4  5  6  7 |
---------------+----------------------+-----
Conjurations   | 2 3 4 5 6 |  6.6
Air Magic      | 5 6 7 |  7.7
Spellcasting   | 3 4 5 |  5.0
Dodging        | |  2.1
Stealth        | |  2.0

Action                   |  1- 3 |  4- 6 |  7- 9 || total
-------------------------+-------+-------+-------++-------
Melee: Unarmed           |    24 |    10 |       ||    34
       Kick              |     3 |     2 |       ||     5
       Peck              |     2 |       |       ||     2
 Cast: Shock             |    67 |   149 |    57 ||   273
       Static Discharge  |     3 |    11 |    14 ||    28
  Use: Scroll            |     1 |     5 |       ||     6
 Stab: Sleeping          |     1 |       |       ||     1
Armor: Robe              |     2 |     3 |       ||     5
       Skin              |     3 |       |       ||     3
Dodge: Dodged            |    10 |    24 |     6 ||    40
